Map: Deathaura LE

Players

Creed

  • Race: Terran Terran
  • League: Master
  • Spawn Location: 11:00

TLHarstem (Harstem) - Winner!

  • Race: Protoss Protoss
  • League: Master
  • Spawn Location: 5:00

VOD

https://youtu.be/a4pBp5TCsow

Description

Time

  • Played on: March 22, 2021, 6:09 a.m.
  • Length: 9:27
Show
View Real Time Build Order
Export as new Build Order

Creed Terran 

Build Orders: Reaper Expand 

Get SALT Encoding   

  12  0:00  SCV  
  13  0:12  SCV  
  14  0:17  Supply Depot  
  14  0:24  SCV  
  15  0:39  SCV  
  15  0:40  Barracks  
  16  0:44  Refinery  
  16  0:51  SCV  
  17  1:03  SCV  
  18  1:15  SCV  
  19  1:27  Reaper  
  19  1:28  Orbital Command  
  20  1:40  Command Center  
  20  1:48  Supply Depot  
  20  1:55  SCV  
  20  1:59  Marine  
  22  2:07  Factory  
  22  2:08  SCV  
  23  2:17  Bunker  
  23  2:23  SCV  
  23  2:25  Barracks Reactor  
  23  2:29  Refinery  
  24  2:35  SCV  
  25  2:47  SCV  
  26  2:54  Factory Tech Lab  
  26  2:59  SCV  
  26  3:00  Engineering Bay  
  26  3:03  Marine x2  
  29  3:11  SCV  
  30  3:14  Cyclone  
  33  3:21  Marine x2  
  33  3:24  SCV  
  34  3:29  Missile Turret  
  34  3:30  Orbital Command  
  34  3:36  SCV  
  34  3:40  Supply Depot  
  33  3:43  Marine  
  34  3:50  Mag-Field Accelerator  
  34  3:54  SCV  
  35  3:59  SCV  
  35  4:01  Marine  
  37  4:02  Marine  
  36  4:17  SCV x2  
  38  4:24  Cyclone  
  38  4:29  SCV  
  42  4:40  SCV  
  42  4:41  SCV  
  44  4:50  Supply Depot  
  44  4:51  Supply Depot  
  43  4:58  Starport  
  43  5:07  Marine  
  43  5:12  Cyclone  
  43  5:13  SCV x2  
  49  5:16  Barracks  
  49  5:19  Marine  
  50  5:25  Marine  
  50  5:37  Medivac  
  50  5:39  Bunker, Marine  
  53  5:43  Marine  
  53  5:44  Cyclone  
  50  5:57  Marine  
  50  6:00  SCV x2, Marine  
  48  6:14  Marine  
  47  6:22  Liberator  
  47  6:28  Cyclone  
  47  6:32  Marine  
  48  6:40  Marine  
  49  6:49  Missile Turret, Marine  
  50  6:58  Marine  
  51  7:06  Cyclone  
  51  7:07  Marine  
  52  7:15  Marine  
  48  7:25  Marine  
  48  7:28  Missile Turret  
  48  7:33  Marine  
  48  7:38  Cyclone  
  48  7:43  Marine  
  48  7:51  Marine  
  44  8:01  Missile Turret, Marine  
  39  8:09  Marine  
  39  8:10  Cyclone  
  41  8:19  Marine  
  34  8:27  Marine  
  25  8:36  Marine  
  21  8:42  Cyclone  
  21  8:44  Marine  
  21  8:54  SCV, Marine  
  18  9:02  Marine  
  16  9:05  SCV  
Show
View Real Time Build Order
Export as new Build Order

TLHarstem Protoss - Winner!

Build Orders: Proxy Void Ray 

Get SALT Encoding   

  12  0:08  Pylon  
  12  0:12  Probe  
  13  0:27  Gateway  
  13  0:29  Probe (Chrono Boost)  
  14  0:41  Probe (Chrono Boost)  
  14  0:42  Assimilator  
  15  0:46  Probe (Chrono Boost)  
  16  0:50  Assimilator  
  16  0:56  Probe  
  17  1:08  Probe  
  18  1:13  Cybernetics Core  
  18  1:20  Probe  
  19  1:30  Pylon  
  19  1:32  Probe  
  20  1:44  Probe  
  21  1:50  Adept (Chrono Boost)  
  21  1:51  Stargate  
  23  1:56  Probe  
  24  2:01  Warp Gate  
  24  2:08  Probe  
  24  2:12  Adept  
  27  2:26  Void Ray (Chrono Boost)  
  27  2:37  Pylon  
  31  2:56  Void Ray  
  31  2:57  Pylon  
  35  3:08  Probe  
  35  3:09  Shield Battery  
  36  3:18  Shield Battery  
  36  3:20  Shield Battery  
  36  3:29  Probe  
  37  3:40  Fleet Beacon  
  37  3:50  Shield Battery  
  37  3:57  Shield Battery  
  37  4:00  Forge  
  37  4:22  Tempest (Chrono Boost)  
  37  4:31  Shield Battery  
  42  4:33  Photon Cannon  
  42  4:50  Shield Battery  
  40  4:55  Tempest (Chrono Boost)  
  45  5:06  Shield Battery  
  45  5:25  Shield Battery  
  45  5:27  Photon Cannon  
  43  5:39  Pylon  
  43  5:40  Pylon  
  43  5:54  Tempest (Chrono Boost)  
  43  5:59  Shield Battery  
  48  6:20  Shield Battery  
  48  6:27  Tempest (Chrono Boost)  
  48  6:31  Pylon  
  53  6:35  Photon Cannon  
  48  6:50  Shield Battery  
  48  7:02  Tempest (Chrono Boost)  
  49  7:24  Probe  
  50  7:39  Probe  
  50  7:42  Tempest (Chrono Boost)  
  38  8:06  Probe  
  38  8:09  Unknown, Pylon  
  35  8:16  Void Ray  
  35  8:18  Probe  
  40  8:30  Probe  
  41  8:42  Probe  
  37  8:54  Probe  
  38  9:06  Probe  
Tags
 
Add a new tag
Caveats
  • Supply blocks, unpowered buildings, or Contaminate may cause inaccurate times.
  • Supply counts are checked every 10 seconds.